Map: Ascension to Aiur LE

Players

Serral - Winner!

  • Race: Zerg Zerg
  • League: Grandmaster
  • Spawn Location: 5:00

NightEnD

  • Race: Protoss Protoss
  • League: Grandmaster
  • Spawn Location: 11:00

Event: WESG Barcelona European Finals 2017

VOD

Have the link to the VOD?

Description

Time

  • Played on: Nov. 24, 2017, 7:46 a.m.
  • Length: 9:34

All games in this series

Show
View Real Time Build Order
Export as new Build Order

Serral Zerg - Winner!

Build Orders: Hatch First 

Get SALT Encoding   

  12  0:00  Drone  
  13  0:12  Overlord  
  13  0:17  Drone  
  14  0:30  Drone x2  
  14  0:34  Drone  
  17  0:51  Hatchery  
  17  0:54  Drone  
  17  0:58  Drone  
  18  1:08  Extractor  
  17  1:12  Spawning Pool  
  17  1:16  Drone  
  17  1:19  Drone  
  18  1:29  Drone  
  19  1:38  Overlord  
  19  1:50  Drone  
  20  1:59  Queen  
  20  2:00  Zergling x2  
  23  2:02  Queen  
  23  2:03  Zergling x2  
  26  2:08  Metabolic Boost  
  26  2:11  Drone  
  26  2:14  Drone  
  28  2:21  Drone  
  29  2:24  Drone  
  30  2:38  Hatchery  
  30  2:44  Drone x2  
  30  2:48  Pneumatized Carapace  
  31  2:56  Queen  
  33  3:01  Overlord  
  33  3:03  Drone  
  34  3:06  Drone  
  34  3:11  Drone  
  36  3:17  Overlord  
  37  3:20  Drone x4  
  37  3:24  Drone  
  41  3:28  Spore Crawler  
  41  3:32  Queen  
  42  3:35  Drone  
  42  3:39  Drone x2  
  45  3:42  Overlord  
  45  3:44  Drone  
  45  3:46  Drone  
  45  3:48  Drone  
  48  3:53  Evolution Chamber  
  48  3:55  Queen  
  47  4:02  Zergling x4  
  51  4:03  Spore Crawler  
  51  4:07  Queen  
  52  4:14  Overlord  
  52  4:18  Zergling x2  
  52  4:19  Zergling x8  
  57  4:26  Overlord  
  57  4:28  Zergling x4  
  59  4:33  Zergling x6  
  62  4:41  Zergling x6  
  62  4:42  Zergling x4  
  62  4:44  Queen  
  69  4:49  Drone x2  
  69  4:52  Drone x2  
  73  4:55  Overlord  
  73  4:59  Drone x2  
  75  5:02  Drone x2  
  75  5:05  Overlord  
  77  5:07  Drone  
  77  5:08  Drone  
  73  5:15  Lair, Zerg Missile Weapons Level 1  
  73  5:17  Drone  
  73  5:20  Drone x2  
  74  5:26  Roach Warren, Extractor  
  74  5:28  Drone x2  
  74  5:29  Drone  
  74  5:32  Drone  
  74  5:33  Drone x2  
  74  5:35  Drone  
  79  5:36  Drone  
  79  5:41  Overlord  
  77  5:46  Drone  
  77  5:48  Overlord  
  75  5:52  Extractor  
  75  5:53  Drone, Extractor  
  75  5:54  Drone  
  75  5:57  Overlord  
  75  6:01  Hatchery  
  74  6:07  Drone x3  
  74  6:10  Roach x6  
  89  6:15  Glial Reconstitution  
  89  6:19  Roach x2  
  89  6:22  Roach x3  
  99  6:28  Overlord  
  99  6:34  Drone, Extractor  
  99  6:35  Hydralisk Den, Drone x4  
  102  6:41  Roach x3  
  102  6:46  Roach x3  
  110  7:06  Muscular Augments  
  110  7:12  Hydralisk x2  
  110  7:14  Overlord x3  
  110  7:15  Drone x3, Extractor  
  116  7:23  Queen  
  116  7:24  Drone x2  
  116  7:29  Spire  
  119  7:30  Overlord  
  119  7:33  Drone  
  119  7:34  Drone x5  
  119  7:36  Hydralisk  
  119  7:37  Hydralisk x3  
  133  7:49  Hydralisk x3  
  138  7:51  Overlord  
  138  7:56  Drone x2, Extractor  
  138  7:57  Drone  
  140  8:00  Overlord  
  140  8:11  Overlord  
  140  8:14  Hydralisk, Overlord  
  140  8:15  Hydralisk x2  
  140  8:16  Roach x2  
  150  8:20  Extractor  
  149  8:27  Overlord  
  149  8:31  Overlord x3  
  149  8:32  Overlord  
  149  8:34  Ravager  
  149  8:35  Ravager x4  
  149  8:36  Roach x10  
  170  8:51  Roach x3  
  170  8:52  Roach x2  
  170  8:55  Roach x3  
  180  8:56  Roach x3  
  180  8:57  Roach  
  180  9:00  Roach x2  
  180  9:05  Roach x2  
  180  9:09  Roach  
  168  9:11  Roach  
  168  9:12  Roach x2  
  168  9:14  Roach  
Show
View Real Time Build Order
Export as new Build Order

NightEnD Protoss 

Build Orders: 1 Gate Expand, Oracle Opening, Phoenix Opening, Zealot Archon 

Get SALT Encoding   

  12  0:00  Probe  
  13  0:12  Probe  
  14  0:18  Pylon  
  14  0:25  Probe  
  15  0:37  Probe (Chrono Boost)  
  16  0:43  Gateway  
  16  0:47  Probe (Chrono Boost)  
  17  0:51  Probe  
  17  0:52  Assimilator  
  18  1:03  Probe  
  19  1:15  Probe  
  20  1:25  Nexus  
  20  1:28  Probe  
  21  1:40  Probe  
  21  1:42  Cybernetics Core  
  22  1:48  Assimilator  
  22  1:54  Pylon  
  22  1:56  Probe  
  23  2:12  Probe (Chrono Boost), Zealot  
  27  2:24  Probe (Chrono Boost), Stargate  
  27  2:26  Probe (Chrono Boost)  
  27  2:27  Warp Gate  
  29  2:38  Probe x2 (Chrono Boost)  
  29  2:39  Adept  
  29  2:42  Probe  
  33  2:49  Probe (Chrono Boost)  
  35  3:00  Probe (Chrono Boost)  
  35  3:01  Probe (Chrono Boost)  
  36  3:09  Oracle (Chrono Boost)  
  36  3:10  Probe x2 (Chrono Boost)  
  36  3:11  Pylon  
  41  3:15  Probe  
  41  3:18  Probe  
  43  3:21  Gateway  
  43  3:23  Sentry  
  45  3:28  Probe  
  45  3:31  Pylon  
  45  3:32  Probe  
  47  3:36  Phoenix (Chrono Boost)  
  47  3:40  Probe  
  50  3:44  Probe  
  50  3:47  Gateway  
  51  3:51  Assimilator  
  51  3:52  Probe  
  51  3:55  Assimilator  
  52  3:56  Probe  
  53  4:03  Pylon  
  53  4:04  Probe  
  53  4:08  Robotics Facility, Probe  
  55  4:16  Probe  
  56  4:21  Probe  
  57  4:24  Twilight Council  
  57  4:25  Forge  
  57  4:28  Probe  
  58  4:33  Probe  
  58  4:34  Sentry  
  58  4:35  Zealot  
  63  4:40  Probe  
  63  4:45  Probe  
  65  4:52  Nexus  
  65  4:53  Probe, Pylon  
  65  4:57  Probe, Observer  
  68  5:06  Probe  
  69  5:12  Zealot x3  
  69  5:14  Probe  
  76  5:18  Probe  
  76  5:19  Robotics Bay  
  78  5:37  Immortal (Chrono Boost)  
  71  5:51  Pylon  
  71  5:52  Pylon  
  71  5:56  Pylon  
  71  5:57  Pylon  
  69  6:05  Pylon  
  69  6:10  Colossus (Chrono Boost)  
  75  6:14  Zealot  
  75  6:15  Zealot x2  
  75  6:17  Protoss Ground Weapons Level 1 (Chrono Boost), Charge  
  77  6:36  Stalker x3  
  77  6:38  Gateway  
  83  6:40  Gateway  
  83  6:41  Gateway  
  83  6:49  Colossus (Chrono Boost)  
  89  7:09  Templar Archives  
  89  7:15  Gateway  
  89  7:17  Gateway  
  89  7:23  Pylon x2, Warp Prism (Chrono Boost)  
  91  7:30  Pylon x2  
  91  7:33  Observer  
  91  7:34  Pylon  
  91  7:48  High Templar x4  
  91  7:49  Zealot x2  
  103  7:55  Archon x2  
  103  8:12  Pylon  
  103  8:15  High Templar x2  
  103  8:16  Zealot x2  
  103  8:18  Archon  
  111  8:20  Zealot  
  111  8:21  Zealot x3  
  111  8:25  Pylon  
  117  8:44  Zealot  
  117  8:45  Zealot x5  
  117  8:52  Zealot x2  
  117  9:07  Zealot  
  117  9:08  Zealot x5  
Tags
 
Add a new tag
Caveats
  • Supply blocks, unpowered buildings, or Contaminate may cause inaccurate times.
  • Supply counts are checked every 10 seconds.